 Dungeon Crawl Stone Soup version 0.29.1-2-gbd0b4ee654 (webtiles) character file.

Game seed: 14499005948248384573

177 NinjaNoafa the Chopper (level 5, -5/47 HPs)
             Began as a Minotaur Fighter on Nov 17, 2022.
             Slain by a sky beast (6 damage)
             ... on level 3 of the Dungeon on Nov 18, 2022.
             The game lasted 00:04:41 (1753 turns).

NinjaNoafa the Chopper (Minotaur Fighter)           Turns: 1753, Time: 00:04:42

Health: -5/47      AC:  7    Str: 21 (22) XL:     5   Next: 30%
Magic:  4/4        EV:  9    Int:  5      God:
Gold:   130        SH:  4    Dex: 10      Spells: 4/4 levels left

rFire   . . .      SeeInvis .   a - +0 war axe
rCold   . . .      Faith    .   c - +0 buckler
rNeg    . . .      Spirit   .   b - +0 scale mail
rPois   .          Reflect  .   (helmet restricted)
rElec   .          Harm     .   (no cloak)
rCorr   .          Rampage  .   (no gloves)
Will    .....                   (no boots)
Stlth   ..........              (no amulet)
HPRegen 0.15/turn               (no ring)
MPRegen 0.09/turn               (no ring)

@: no status effects
A: horns 2, retaliatory headbutt, deterioration 1, mutation resistance 1
a: no special abilities


You were on level 3 of the Dungeon.
You visited 1 branch of the dungeon, and saw 3 of its levels.

You collected 130 gold pieces.

Inventory:

Hand Weapons
 a - a +0 war axe (weapon)
Missiles
 e - 40 stones
 i - 9 datura-tipped darts (quivered)
Armour
 b - a +0 scale mail (worn)
 c - a +0 buckler (worn)
Scrolls
 g - 5 scrolls of identify
 h - 3 scrolls of poison
 j - a scroll of enchant armour {unknown}
 l - a scroll of fear {unknown}
 m - a scroll of teleportation {unknown}
Potions
 d - a potion of heal wounds {unknown}
 f - a potion of attraction {unknown}


   Skills:
 - Level 4.3 Fighting
 + Level 5.4 Axes
 - Level 4.3 Armour
 - Level 4.3 Shields


You had 4 spell levels left.
You didn't know any spells.
Your spell library contained the following spells:

 Spells                   Type           Power      Damage    Failure   Level
 Magic Dart               Conj           0%         1d3       88%         1


Dungeon Overview and Level Annotations

Branches:
Dungeon (3/15)

Altars:
Kikubaaqudgha

Shops:
D:1 :


Innate Abilities, Weirdness & Mutations

You have a pair of horns on your head.
You reflexively headbutt those who attack you in melee.
Your body sometimes deteriorates upon taking damage.
You are somewhat resistant to further mutation.


Message History

f - a sedimented white potion A sky beast comes into view.
The sky beast flickers out of sight!
Deactivating autopickup; reactivate with Ctrl-A.
Something hits you but does no damage.
You miss something.
A sky beast appears from thin air!
Reactivating autopickup.
The sky beast hits you. The sky beast shocks you.
You barely miss the sky beast. You headbutt the sky beast!
The sky beast is moderately wounded.
The sky beast hits you. The sky beast shocks you.
You hit the sky beast.
The sky beast is heavily wounded.
The sky beast hits you. The sky beast shocks you.
Your body deteriorates!
You feel weakened. The sky beast hits you. The sky beast shocks you.
You barely miss the sky beast.
The sky beast is moderately wounded.
The sky beast hits you but does no damage.
Throw: 10 darts (datura)
Press: ? - help, Q - select action, (/) - cycle Shift-Dir - straight line, f - sky beast
Aim: a sky beast (moderately wounded, 46% to hit, chance to frenzy on hit: 27%)
You throw a datura-tipped dart.
The datura-tipped dart misses the sky beast.
The sky beast flickers out of sight!
Deactivating autopickup; reactivate with Ctrl-A.
Something hits you. Something shocks you.
* * * LOW HITPOINT WARNING * * *
Something hits you but does no damage. Something hits you.
* * * LOW HITPOINT WARNING * * *
Something shocks you.
* * * LOW HITPOINT WARNING * * *
As you read the scroll labelled PAUL ATWIATY, it crumbles to dust.
It is a scroll of identify.
h - 3 scrolls of poison Something hits you.
* * * LOW HITPOINT WARNING * * *
Something shocks you.
You die...

..... #.#.#... ##.#. ..#.....
# #.# ###..... #. ##.##
#.#... ####.## #...# #.#.#.
.......##### #...# # #...
...........# #<..# ###.
.##.#..##.####...###### #.
......~.##..@.........##.....
.........................####
........##............. . #
......####.####...###.# #.##
...... ...# #...# #.#.#)
#(.... ##### #...# #....)
#..... #...# ###.#† ##.##
...#. #########.###########.


There were no monsters in sight!

Vanquished Creatures
  2 orc wizards (D:3)
  Robin (D:3)
  A gnoll (D:1)
  4 adders (D:2)
  A worm (D:2)
  A dart slug (D:2)
  5 orcs (D:3)
  5 endoplasms
  3 giant cockroaches
  12 goblins
  6 hobgoblins
  5 jackals
  3 quokkas (D:2)
  6 ball pythons
  4 bats
  2 frilled lizards
  4 kobolds
  A rat (D:1)
66 creatures vanquished.

Vanquished Creatures (collateral kills)
  An orc (D:3)
1 creature vanquished.

Vanquished Creatures (others)
  An orc wizard (D:3)
1 creature vanquished.

Grand Total: 68 creatures vanquished

Notes
Turn   | Place    | Note
-------+----------+-------------------------------------------
     0 | D:1      | NinjaNoafa the Minotaur Fighter began the quest for the
                  | Orb.
     0 | D:1      | Reached XP level 1. HP: 19/19 MP: 0/0
    18 | D:1      | Found a faded altar of an unknown god.
    26 | D:1      | Got Plato's Discourse on Attacks
   232 | D:1      | Reached XP level 2. HP: 27/27 MP: 1/1
   237 | D:1      | Found Ynovour's Vocational Training.
   476 | D:1      | Reached skill level 3 in Axes
   657 | D:1      | Reached XP level 3. HP: 32/33 MP: 2/2
  1030 | D:2      | Found an ancient bone altar of Kikubaaqudgha.
  1098 | D:2      | Reached XP level 4. HP: 41/41 MP: 3/3
  1451 | D:3      | Reached skill level 4 in Axes
  1509 | D:3      | Noticed Robin
  1526 | D:3      | Killed Robin
  1596 | D:3      | Reached XP level 5. HP: 34/47 MP: 4/4
  1597 | D:3      | Gained mutation: Your body sometimes deteriorates upon
                  | taking damage. [potion of mutation]
  1597 | D:3      | Gained mutation: You are somewhat resistant to further
                  | mutation. [potion of mutation]
  1620 | D:3      | Reached skill level 5 in Axes
  1740 | D:3      | Noticed a sky beast
  1753 | D:3      | HP: 1/47 [something (4)]
  1753 | D:3      | Slain by a sky beast

Illustrated notes

Levels and vault maps discovered:
D:1:      matt_arrival_debris, layout_loops_ring,
          shapermc_ecumenical_altar_rom_forum, nicolae_shop_vocational
D:2:      layout_rooms, basic_altar
D:3:      layout_loops_cross, uniq_robin

Skill      XL: |  1  2  3  4  5 |
---------------+----------------+-----
Fighting       | 4 |  4.3
Armour         | 4 |  4.3
Shields        | 4 |  4.3
Axes           | 3 4 5 |  5.4

Action                   |  1- 3 |  4- 6 || total
-------------------------+-------+-------++-------
Melee: War axe           |    83 |    59 ||   142
       Headbutt          |    11 |    10 ||    21
Throw: Dart              |       |     2 ||     2
  Use: Potion            |       |     3 ||     3
       Scroll            |       |     1 ||     1
Armor: Scale mail        |    37 |    38 ||    75
Dodge: Dodged            |    51 |    24 ||    75
Block: Buckler           |    23 |    17 ||    40
